 Dungeon Crawl Stone Soup version 0.31.0-9-g3a7656b989 (webtiles) character file.

Game seed: 13638921529866967979

135 qw the Ducker (level 4, -2/23 HPs)
             Began as a Spriggan Hunter on Feb 2, 2024.
             Incinerated by a bombardier beetle (3 damage)
             ... with a burning spray
             ... on level 3 of the Dungeon.
             The game lasted 00:00:07 (1461 turns).

qw the Ducker (Spriggan Hunter)                     Turns: 1461, Time: 00:00:07

Health: -2/23      AC:  1    Str: 11    XL:     4   Next: 96%
Magic:  5/5        EV: 20    Int:  9    God:
Gold:   201        SH:  0    Dex: 19    Spells: 3/3 levels left

rFire   + . .        a - +0 shortbow
rCold   . . .        (shield currently unavailable)
rNeg    . . .        c - +0 robe
rPois   .            (helmet restricted)
rElec   .            (no cloak)
rCorr   .            (gloves unavailable)
SInv    +            (boots unavailable)
Will    .....        (no amulet)
Stlth   +            (no ring)
HPRegen 0.23/turn    (no ring)
MPRegen 0.09/turn

%: no passive effects
@: on fire, glowing, very quick
A: very small, no large weapons, unfitting armour, see invisible, speed 3,
deformed body, fire resistance 1, strong 1
a: no special abilities


You were on level 3 of the Dungeon.
You visited 1 branch of the dungeon, and saw 3 of its levels.

You collected 201 gold pieces.


Innate Abilities, Weirdness & Mutations

You are very small and have problems with some larger weapons.
You are too small for most types of armour.
You have supernaturally acute eyesight. (SInv)
You cover ground extremely quickly. (Speed+++)
Armour fits poorly on your strangely shaped body.
Your flesh is heat resistant. (rF+)
Your muscles are strong. (Str +4, Int/Dex -1)


   Skills:
 + Level 1.8 Fighting
 - Level 5.0 Ranged Weapons
 - Level 5.4 Dodging
 - Level 1.5 Stealth


You had 3 spell levels left.
You didn't know any spells.
Your spell library was empty.

Inventory:

Hand Weapons
 a - a +0 shortbow (weapon)
Armour
 c - a +0 robe (worn)
Jewellery
 e - a ring of willpower
Scrolls
 b - a scroll of enchant armour {unknown}
 f - a scroll of amnesia {unknown}
Potions
 d - a potion of mutation

Dungeon Overview and Level Annotations

Branches:
Dungeon (3/15)

Altars:
Fedhas


Message History

The orc misses you.
The orc hits you from afar with a +0 trident!
You shoot an arrow. The arrow hits the orc.
You kill the orc!
The orc closely misses you.
You shoot an arrow. The arrow hits the orc.
The orc is moderately wounded.
The orc completely misses you.
You shoot an arrow. The arrow closely misses the orc.
The orc barely misses you.
You shoot an arrow.
The arrow hits the orc but does no damage.
The orc is moderately wounded.
The orc misses you. The orc closely misses you.
You shoot an arrow. The arrow completely misses the orc.
The orc barely misses you.
You shoot an arrow. The arrow hits the orc.
You kill the orc!
You shoot an arrow. The arrow hits the bombardier beetle.
The bombardier beetle is lightly wounded.
You shoot an arrow.
The arrow hits the bombardier beetle but does no damage.
The bombardier beetle is lightly wounded.
The bombardier beetle sprays incendiary fluid at you.
The burning spray hits you.
You are covered in liquid fire!
You shoot an arrow. The arrow hits the bombardier beetle.
The bombardier beetle is moderately wounded.
The liquid fire burns you!
You shoot an arrow. The arrow hits the bombardier beetle.
The bombardier beetle is heavily wounded.
The liquid fire burns you!
The bombardier beetle barely misses you.
You shoot an arrow. The arrow hits the bombardier beetle.
The bombardier beetle is severely wounded.
The liquid fire burns you!
You shoot an arrow. The arrow hits the bombardier beetle.
The bombardier beetle is almost dead.
The liquid fire burns you!
You die...

# ##....#.#.# #.........#
#.#.........# ##.[.......#
#.#.........####..........#
#.........................#
#####....###................#
.........# #................#
.#####.### ####..#..........#
....<#.# #.#..........#
######.# #######@#.##########
... .....)B).># ##.
.....###### ...... ..... .. .


You could see a bombardier beetle.

Vanquished Creatures
  An orc wizard (D:3)
  4 adders
  A dart slug (D:2)
  2 ribbon worms
  7 orcs (D:3)
  6 ball pythons
  5 endoplasms
  2 giant cockroaches
  6 hobgoblins
  A jackal (D:2)
  5 kobolds
  6 bats
  2 frilled lizards (D:1)
  6 goblins
  A rat (D:2)
55 creatures vanquished.

Notes
Turn   | Place    | Note
-------+----------+-------------------------------------------
     0 | D:1      | qw the Spriggan Hunter began the quest for the Orb.
     0 | D:1      | Reached XP level 1. HP: 10/10 MP: 2/2
     0 | D:1      | 0 ||| qw: Version: 0.3-a-155-g5e7d8dd
     0 | D:1      | 0 ||| qw: Game counter: 150
     0 | D:1      | 0 ||| qw: Melee chars always use a shield: true
     0 | D:1      | 0 ||| qw: God list: Okawaru
     0 | D:1      | 0 ||| qw: Allow faded altars: false
     0 | D:1      | 0 ||| qw: Do Orc after clearing Dungeon:15 true
     0 | D:1      | 0 ||| qw: Do second Lair branch before Depths: true
     0 | D:1      | 0 ||| qw: Lair rune preference: random
     0 | D:1      | 0 ||| qw: Goals: Normal
     0 | D:1      | 0 ||| PLANNING D:1-11
    26 | D:1      | Reached skill level 3 in Dodging
   129 | D:1      | Reached XP level 2. HP: 14/14 MP: 3/3
   547 | D:1      | 547 ||| READING scroll labelled CAPTAS OJYZO.
   548 | D:1      | 548 ||| DROPPING scroll of butterflies.
   618 | D:2      | Reached XP level 3. HP: 18/18 MP: 4/4
   766 | D:2      | Found a blossoming altar of Fedhas.
   870 | D:2      | Reached XP level 4. HP: 22/22 MP: 5/5
  1114 | D:2      | 1114 ||| READING scroll labelled HIBE MUDUBALO.
  1118 | D:2      | 1118 ||| READING 2 scrolls labelled TYARRU XYSU.
  1119 | D:2      | 1119 ||| DROPPING scroll of fear.
  1257 | D:3      | 1257 ||| DRINKING viscous puce potion.
  1258 | D:3      | 1258 ||| DRINKING bubbling golden potion.
  1258 | D:3      | Gained mutation: Your muscles are strong. (Str +4, Int/Dex
                  | -1) [potion of mutation]
  1258 | D:3      | Gained mutation: Armour fits poorly on your strangely
                  | shaped body. [potion of mutation]
  1258 | D:3      | Gained mutation: Your flesh is heat resistant. (rF+)
                  | [potion of mutation]
  1264 | D:3      | HP: 5/22 [orc wizard/+1 vampiric dagger (6)]
  1265 | D:3      | HP: 2/22 [orc wizard/+1 vampiric dagger (3)]
  1354 | D:3      | Found a faded altar of an unknown god.
  1449 | D:3      | HP: 5/23 [orc/+0 trident (7)]
  1458 | D:3      | HP: 5/23 [burnt (2)]
  1459 | D:3      | HP: 1/23 [burnt (4)]
  1461 | D:3      | Incinerated by a bombardier beetle

Levels and vault maps discovered:
D:1:      scummos_arrival_star, layout_basic
D:2:      layout_basic, basic_altar, minmay_box_of_dots
D:3:      layout_basic, chequers_ecumenical_altar_simple, minmay_circle_x

Skill      XL: |  1  2  3  4 |
---------------+-------------+-----
Dodging        | 3 4 5 |  5.4
Ranged Weapons | 5 |  5.0
Fighting       | |  1.8
Stealth        | |  1.5

Action                     |  1- 3 |  4- 6 || total
---------------------------+-------+-------++-------
   Fire: Shortbow          |   114 |    75 ||   189
    Use: Scroll            |     1 |     2 ||     3
         Potion            |       |     2 ||     2
 Armour: Robe              |    10 |    16 ||    26
  Dodge: Dodged            |    37 |    48 ||    85

Table legend:
 A = Non-vault XP
 B = Vault XP
 C = Vault XP percentage of total XP
 D = Non-vault monster count
 E = Vault monster count
 F = Vault count percentage of total count
                 A         B        C        D         E       F
            +---------+---------+-------+---------+---------+-------
      Total |     189 |       4 |   2.1 |      53 |       2 |   3.6
            +---------+---------+-------+---------+---------+-------
        D:1 |      37 |       0 |   0.0 |      21 |       0 |   0.0
        D:2 |      60 |       4 |   6.2 |      19 |       2 |   9.5
        D:3 |      92 |       0 |   0.0 |      13 |       0 |   0.0
            +---------+---------+-------+---------+---------+-------
